 Dungeon Crawl Stone Soup version 0.30-a0-643-g638baaf3f0 (webtiles) character file.

Game seed: 10048683308044906687

617767 HoaS the Crack Shot (level 27, 0/193 (196) HPs)
             Began as a Gargoyle Hunter on Jan 15, 2023.
             Was the Champion of Zin.
             Slain by a white draconian
             ... wielding a +0 long sword
              (6 damage)
             ... on level 2 of the Realm of Zot on Jan 16, 2023.
             The game lasted 02:14:17 (56263 turns).

HoaS the Crack Shot (Gargoyle Hunter)              Turns: 56263, Time: 02:14:18

HP:   0/193 (196)   AC: 45    Str: 17    XL:     27
MP:   31/31         EV: 38    Int: 14    God:    Zin [******]
Gold: 6459          SH:  0    Dex: 27    Spells: 26/26 levels left

rFire   . . .      SeeInvis +    g - +9 triple crossbow (heavy)
rCold   + . .      Faith    .    (shield currently unavailable)
rNeg    + . .      Spirit   .    C - +4 troll leather armour
rPois   ∞          Reflect  .    y - +3 crown of Dyrovepreva {rElec Int+2 SInv}
rElec   +          Harm     .    A - +2 cloak {rCorr}
rCorr   +          Rampage  .    r - +2 pair of gloves
Will    ++++.                    q - +2 pair of boots
Stlth   ++                       l - amulet of Mubu Omo {Acrobat rC+ Dex+4}
HPRegen 1.32/turn                P - ring of willpower
MPRegen 0.22/turn                h - ring of willpower

@: about to teleport, frozen, on berserk cooldown, flying, slowed, lightly
drained, very slow
A: sickness immunity, AC +20, big wings, negative energy resistance 1,
electricity resistance, torment resistance 1, petrification resistance
}: 3/15 runes: decaying, serpentine, silver
a: Renounce Religion, Recite, Vitalisation, Imprison, Sanctuary, Donate Gold


You were on level 2 of the Realm of Zot.
You worshipped Zin.
Zin was exalted by your worship.
You visited 11 branches of the dungeon, and saw 48 of its levels.
You visited the Abyss 3 times.
You also visited: Gauntlet, Ice Cave and Desolation.

You collected 31177 gold pieces.
You spent 2071 gold pieces at shops.
You donated 4976 gold pieces to Zin.
You paid 17671 gold pieces to Gozag.

Inventory:

Hand Weapons
 g - a +9 heavy triple crossbow (weapon)
Armour
 q - a +2 pair of boots (worn)
 r - a +2 pair of gloves (worn)
 w - the +5 scale mail of Grace {+Inv Dex+3 Stlth-}
   (You found it on level 4 of the Dungeon)

   Dex:       It affects your dexterity (+3).
   +Inv:      It lets you turn invisible.
   Stlth:     It makes you less stealthy.
 y - the +3 crown of Dyrovepreva (worn) {rElec Int+2 SInv}
   (You found it in the Desolation of Salt)

   Int:       It affects your intelligence (+2).
   rElec:     It insulates you from electricity.
   SInv:      It lets you see invisible.
 A - a +2 cloak of preservation (worn)
 C - a +4 troll leather armour (worn)
Jewellery
 e - a ring of positive energy
 h - a ring of willpower (right hand)
 j - a ring of protection from cold
 l - the amulet of Mubu Omo (around neck) {Acrobat rC+ Dex+4}
   (You bought it in a shop on level 4 of the Vaults)

   [amulet of the acrobat]

   It increases your evasion while moving and waiting.
   Dex:       It affects your dexterity (+4).
   rC:        It protects you from cold.
 m - the ring "Wossiy" {EV+5 Str+4 Int-4 Dex+4}
   (You found it on level 3 of the Snake Pit)

   [ring of evasion]

   EV:        It affects your evasion (+5).
   Str:       It affects your strength (+4).
   Int:       It affects your intelligence (-4).
   Dex:       It affects your dexterity (+4).
 v - a ring of see invisible
 B - the ring "Mewiun" {Fly rF+ Str-3 Dex+6}
   (You found it on level 9 of the Dungeon)

   [ring of dexterity]

   Str:       It affects your strength (-3).
   Dex:       It affects your dexterity (+6).
   rF:        It protects you from fire.
   Fly:       It grants you flight.
 F - a ring of ice
 H - a ring of resist corrosion
 J - a ring of protection from fire
 K - the ring "Giocluwu" {AC+4 Dex+6}
   (You took it off a minotaur in a Gauntlet)

   [ring of protection]

   AC:        It affects your AC (+4).
   Dex:       It affects your dexterity (+6).
 O - the ring of Ascent {rElec rF+}
   (You found it on level 3 of the Elven Halls)

   [ring of protection from fire]

   rF:        It protects you from fire.
   rElec:     It insulates you from electricity.
 P - a ring of willpower (left hand)
 R - a ring of positive energy
Wands
 a - a wand of digging (22)
Scrolls
 b - 18 scrolls of immolation
 c - 4 scrolls of summoning
 d - 7 scrolls of magic mapping
 n - a scroll of brand weapon
 p - 7 scrolls of poison
 t - 5 scrolls of fear
 x - 14 scrolls of teleportation
 E - 3 scrolls of enchant armour
 I - a scroll of silence
 L - 11 scrolls of fog
 M - 7 scrolls of blinking
 N - a scroll of enchant weapon
Potions
 f - 12 potions of attraction
 i - 11 potions of mutation
 k - 5 potions of cancellation
 o - 2 potions of resistance
 s - 3 potions of heal wounds
 u - 4 potions of haste
 z - 6 potions of invisibility
 D - 26 potions of curing
 G - 3 potions of ambrosia


   Skills:
 - Level 26.0 Fighting
 - Level 26.0 Ranged Weapons
 + Level 14.0 Armour
 - Level 26.0 Dodging
 - Level 1.1 Stealth
 + Level 11.9 Invocations


You had 26 spell levels left.
You didn't know any spells.
Your spell library contained the following spells:

 Spells                   Type           Power      Damage    Failure   Level
 Apportation              Tloc           0%         N/A       32%         1
 Foxfire                  Conj/Fire      0%         2x1d4     32%         1
 Kiss of Death            Conj/Necr      0%         2d5       32%         1
 Magic Dart               Conj           0%         1d3       32%         1
 Necrotise                Necr           0%         1d4       32%         1
 Sandblast                Erth           0%         2d4       32%         1
 Shock                    Conj/Air       0%         1d3       32%         1
 Sting                    Tmut/Pois      0%         1d3       32%         1
 Blink                    Tloc           0%         N/A       45%         2
 Passwall                 Tmut/Erth      0%         N/A       45%         2
 Poisonous Vapours        Pois/Air       0%         N/A       45%         2
 Searing Ray              Conj           0%         2d4       45%         2
 Call Canine Familiar     Summ           0%         N/A       69%         3
 Confusing Touch          Hex            0%         N/A       69%         3
 Dazzling Flash           Conj/Hex       0%         N/A       69%         3
 Frozen Ramparts          Ice            0%         1d1       69%         3
 Hailstorm                Conj/Ice       0%         3d3       69%         3
 Inner Flame              Hex/Fire       0%         N/A       69%         3
 Ozocubu's Armour         Ice            0%         N/A       69%         3
 Portal Projectile        Hex/Tloc       0%         N/A       69%         3
 Spider Form              Tmut/Pois      0%         N/A       69%         3
 Stone Arrow              Conj/Erth      0%         3d7       69%         3
 Swiftness                Air            0%         N/A       69%         3
 Tukima's Dance           Hex            0%         N/A       69%         3
 Vampiric Draining        Necr           0%         2d6       69%         3
 Vhi's Electric Charge    Tloc/Air       0%         N/A       69%         3
 Airstrike                Air            0%         2d(0-16)  97%         4
 Animate Dead             Necr           0%         N/A       97%         4
 Cause Fear               Hex            0%         N/A       97%         4
 Dispel Undead            Necr           0%         3d6       97%         4
 Fulminant Prism          Conj/Hex       0%         3d5       97%         4
 Ice Form                 Ice/Tmut       0%         N/A       97%         4
 Olgreb's Toxic Radiance  Pois           0%         N/A       97%         4
 Petrify                  Tmut/Erth      0%         N/A       97%         4
 Summon Ice Beast         Ice/Summ       0%         N/A       97%         4
 Summon Lightning Spire   Summ/Air       0%         N/A       97%         4
 Agony                    Necr           0%         N/A       100%        5
 Blade Hands              Tmut           0%         N/A       100%        5
 Fireball                 Conj/Fire      0%         3d3       100%        5
 Freezing Cloud           Conj/Ice/Air   0%         6-21      100%        5
 Irradiate                Conj/Tmut      0%         3d11      100%        5
 Iskenderun's Battlesphe  Conj           0%         2d6       100%        5
 Lightning Bolt           Conj/Air       0%         1d11      100%        5
 Metabolic Englaciation   Hex/Ice        0%         N/A       100%        5
 Silence                  Hex/Air        0%         N/A       100%        5
 Summon Mana Viper        Hex/Summ       0%         N/A       100%        5
 Yara's Violent Unravell  Hex/Tmut       0%         3d3       100%        5
 Conjure Ball Lightning   Conj/Air       0%         3x3d6     100%        6
 Death Channel            Necr           0%         N/A       100%        6
 Eringya's Noxious Bog    Tmut/Pois      0%         N/A       100%        6
 Iron Shot                Conj/Erth      0%         9d1       100%        6
 Simulacrum               Ice/Necr       0%         N/A       100%        6
 Starburst                Conj/Fire      0%         6d3       100%        6
 Dragon Form              Tmut           0%         N/A       100%        7
 Enfeeble                 Hex            0%         N/A       100%        7
 Haunt                    Necr/Summ      0%         N/A       100%        7
 Malign Gateway           Summ/Tloc      0%         N/A       100%        7
 Monstrous Menagerie      Summ           0%         N/A       100%        7
 Orb of Destruction       Conj           0%         9d5       100%        7
 Ozocubu's Refrigeration  Ice            0%         4d7       100%        7
 Spellforged Servitor     Conj/Summ      0%         N/A       100%        7
 Storm Form               Tmut/Air       0%         N/A       100%        7
 Discord                  Hex            0%         N/A       100%        8
 Infestation              Necr           0%         N/A       100%        8
 Summon Horrible Things   Summ           0%         N/A       100%        8
 Chain Lightning          Conj/Air       0%         N/A       100%        9
 Dragon's Call            Summ           0%         N/A       100%        9
 Fire Storm               Conj/Fire      0%         5d1       100%        9
 Polar Vortex             Ice            0%         N/A       100%        9
 Shatter                  Erth           0%         3d5*      100%        9
 Cigotuvi's Dreadful Rot  Necr/Pois/Air  Unusable   N/A       N/A         2
 Sublimation of Blood     Necr           Unusable   N/A       N/A         2
 Statue Form              Tmut/Erth      Unusable   N/A       N/A         6

Dungeon Overview and Level Annotations

Branches:
Dungeon (15/15)            Temple (1/1) D:4            Lair (5/5) D:10
  Swamp (4/4) Lair:2        Snake (4/4) Lair:3        Slime (0/5) Lair:4
    Orc (2/2) D:11            Elf (3/3) Orc:2        Vaults (5/5) D:14
  Crypt (3/3) Vaults:2       Tomb (0/3) Crypt:3      Depths (4/4) D:15
    Zot (2/5) Depths:4      IceCv (visited)         Desolation (visited)
Gauntlet (visited)

Altars:
Ashenzari
Cheibriados
Dithmenos
Elyvilon
Fedhas
Gozag
Hepliaklqana
Kikubaaqudgha
Makhleb
Nemelex Xobeh
Okawaru
Qazlal
Ru
Sif Muna
Trog
Uskayaw
Vehumet
Wu Jian
Xom
Yredelemnul
Zin
The Shining One
Jiyva

Shops:
D:8 (   D:15 (   Orc:2 :![(:   Elf:1 [*(   Snake:1 [   Snake:3 *[!(((
Vaults:2 [   Vaults:4 ***   Depths:3 (?(   Depths:4 (

Portals:
Hell: Depths:1 Depths:2 Depths:3 Depths:4
Abyss: Depths:3 Depths:4
Pandemonium: Depths:2
Ziggurat: Depths:4

Annotations:
Zot:1 2 transporters
Zot:2 Josephina


Innate Abilities, Weirdness & Mutations

You are immune to sickness and miasma.
Your stone body is resilient. (AC +20)
You are immune to poison.
Your large and strong wings let you fly.
You resist negative energy. (rN+)
You are resistant to electric shocks. (rElec)
You are resistant to unholy torment.
You are immune to petrification.


Message History

Josephina is almost destroyed.
You are no longer berserk.
You are exhausted.
You feel yourself slow down.
The moth of wrath completely misses you.
Josephina completely misses you. Josephina closely misses you.
The +2 broad axe of flaming hits you!
* * * LOW HITPOINT WARNING * * *
The +2 broad axe of flaming burns you.
* * * LOW HITPOINT WARNING * * *
As you read the scroll of teleportation, it crumbles to dust.
You feel strangely unstable.
You feel the Orb delaying your translocation!
Josephina completely misses you. Josephina barely misses you.
The white draconian barely misses you.
The moth of wrath completely misses you.
The ghost moth simulacrum barely misses you.
The ghost moth simulacrum closely misses you.
The ghost moth simulacrum completely misses you.
The +2 broad axe of flaming hits you!!
* * * LOW HITPOINT WARNING * * *
The +2 broad axe of flaming burns you!
* * * LOW HITPOINT WARNING * * *
Josephina completely misses you. Josephina misses you.
The white draconian completely misses you.
The moth of wrath completely misses you.
The ghost moth simulacrum completely misses you. x3
The +2 broad axe of flaming closely misses you.
g - a +9 heavy triple crossbow (weapon)
Josephina casts a spell at you. The icy flash freeze hits you.
You partially resist.
* * * LOW HITPOINT WARNING * * *
You are encased in ice.
The +2 broad axe of flaming hits you but does no damage.
The moth of wrath closely misses you.
The ghost moth simulacrum barely misses you.
The ghost moth simulacrum hits you but does no damage.
The ghost moth simulacrum closely misses you.
The white draconian hits you with a +0 long sword.
You die...

########.# #.# #.###### ###
########......####.# #####
...................####....
#.............###........#
+.............# #Z.......#
..............###Z)......####
.....####..^..D(@LZ...[......
###..#.......#)d#y...........
##.....#..####''##...........
#...⌠....## #..###......#...
..#..##### .... #######..#.
.###..## ...... .## #####..#
........ # # ######.#
.....#.... # ########
....#.......


You could see Josephina (fast, incited), a white draconian (soul bound), an ice
dragon (soul bound), a moth of wrath (soul bound), a +2 broad axe of flaming, a
storm dragon simulacrum, a ghost moth simulacrum and a moth of wrath simulacrum.

Vanquished Creatures
  2 dread liches
  Khufu (Crypt:3)
  An ancient lich (Vaults:5)
  Sojobo (Crypt:3)
  Vv (Crypt:3)
  2 royal mummies (Crypt:3)
  Frederick (Crypt:2)
  Margery (Crypt:3)
  Saint Roka (Vaults:1)
  A curse toe (Crypt:3)
  Vashnia (Snake:4)
  3 golden dragons
  Nikola (Snake:1)
  Jory (Crypt:3)
  The ghost of AppleFox63 the Gelid, an adept MfIE of Vehumet (Vaults:1)
  An electric golem (Zot:1)
  7 tentacled monstrosities
  5 liches
  A Hell Sentinel (Abyss:2)
  A walking crystal tome (Depths:2)
  A titan (Vaults:5)
  A deep elf blademaster (Elf:3)
  7 quicksilver dragons
  2 deep elf master archers (Elf:3)
  The ghost of Yehuk the Warrior, an adept MiBe of Trog (Snake:4)
  2 walking divine tomes (Depths:2)
  A walking frostbound tome (Depths:3)
  The ghost of Nys Cevy the Brawler, an adept TrFi of Qazlal (Snake:3)
  4 death cobs (Zot:1)
  14 tengu reavers
  7 shadow dragons
  Donald (Lair:2)
  3 tentacled starspawn (Abyss:2)
  11 ancient champions
  Agnes (D:14)
  5 sphinxes
  3 revenants
  A fenstrider witch (Swamp:3)
  A draconian knight (Zot:2)
  7 storm dragons
  12 nagarajas (Snake:4)
  9 fire giants
  6 deep elf sorcerers
  2 orc warlords
  2 imperial myrmidons (Desolation)
  3 iron dragons
  2 draconian stormcallers
  A balrug (Depths:2)
  Aizul (Snake:2)
  9 frost giants
  3 draconian scorchers
  A cacodemon (Abyss:2)
  4 war gargoyles
  A curse skull (Crypt:1)
  4 spriggan defenders
  20 vault wardens
  Louise (Swamp:2)
  13 ironbound preservers
  5 deep elf elementalists
  16 ghouls
  22 very ugly things
  6 ironbound thunderhulks
  13 stone giants
  11 vampire knights
  A lorocyproca (Abyss:2)
  3 eleionomae
  14 deep elf demonologists
  19 dire elephants (Vaults:1)
  2 red draconians (Zot:2)
  5 black draconians
  8 spark wasps
  12 deep elf annihilators
  A minotaur (Gauntlet)
  3 halazid warlocks (Desolation)
  A bunyip (Swamp:2)
  3 starcursed masses (Abyss:2)
  4 yellow draconians
  A white draconian (Zot:2)
  A blizzard demon (Depths:2)
  11 ettins
  2 green deaths (Abyss:2)
  6 eidola
  17 jiangshi
  3 crystal guardians
  9 deep elf death magi
  A shambling mangrove (Swamp:2)
  An entropy weaver (Vaults:1)
  12 yaktaur captains
  2 mummy priests (Crypt:3)
  8 ragged hierophants (Desolation)
  8 deep elf high priests
  4 great orbs of eyes
  10 fire dragons
  35 vault guards
  3 rakshasas
  3 ogre magi
  19 hydras
  3 salamander tyrants
  11 peacekeepers
  A quicksilver dragon skeleton (Crypt:3)
  8 ice dragons
  7 servants of whispers (Desolation)
  9 anacondas
  8 ironbound frosthearts
  2 spriggan air magi (Depths:2)
  Erica (D:8)
  A spriggan skeleton (Crypt:3)
  An alligator (shapeshifter) (Depths:2)
  An anaconda (shapeshifter) (Vaults:5)
  A two-headed ogre (shapeshifter) (Vaults:4)
  6 boulder beetles
  28 dancing weapons
  A catoblepas (Lair:2)
  18 centaur warriors
  8 alligators
  9 two-headed ogres
  5 deep troll earth magi
  17 death yaks
  17 naga warriors
  3 thrashing horrors (Abyss:2)
  7 spriggan berserkers
  9 hell hogs
  23 tengu warriors
  5 deep troll shamans
  19 naga sharpshooters
  A titan zombie (Crypt:2)
  An orc high priest (Orc:2)
  7 vampire magi
  15 deep elf knights
  11 soul eaters
  5 shock serpents
  3 sun demons (Depths:2)
  A titan skeleton (Crypt:3)
  2 fire crabs (Swamp:4)
  8 iron trolls
  12 hell knights
  3 wretched stars (Abyss:2)
  2 fire crabs (shapeshifter)
  37 skeletal warriors
  9 goliath frogs
  7 shadow wraiths
  2 salamander mystics
  2 quicksilver dragon simulacra (Depths:2)
  5 sea snakes (Snake:1)
  6 glowing orange brains
  A deep troll (shapeshifter) (Elf:1)
  5 flayed ghosts
  2 spriggan druids (Swamp:3)
  48 deep trolls
  11 swamp dragons
  13 large abominations (Abyss:2)
  9 harpies
  11 phantasmal warriors
  18 deep elf archers
  22 ironbound convokers
  9 necromancers
  13 wizards
  A spriggan simulacrum (Crypt:2)
  5 naga ritualists
  18 lindwurms
  A shadow dragon zombie (Crypt:2)
  10 bog bodies
  2 shadow dragon skeletons
  40 deep elf zephyrmancers
  5 orc knights
  33 deep elf pyromancers
  An iron dragon zombie (Crypt:2)
  7 mana vipers
  6 orc sorcerers
  A faun (shapeshifter) (D:9)
  8 cyclopes
  39 ugly things
  11 manticores
  8 will-o-the-wisps
  14 salamanders
  A worldbinder (Abyss:2)
  2 centaur zombies
  11 moths of wrath
  3 elephants (Lair:3)
  15 guardian serpents
  2 frost giant skeletons (Vaults:2)
  2 moths of wrath (shapeshifter)
  15 naga magi
  7 vault sentinels
  4 human skeletons (Vaults:2)
  2 alligator snapping turtle zombies (Crypt:2)
  Joseph (D:7)
  A naga zombie (Crypt:3)
  An apocalypse crab (Abyss:2)
  6 molten gargoyles
  2 ice statues
  3 stone giant skeletons
  A torpor snail (Lair:4)
  30 black mambas
  3 smoke demons (Abyss:2)
  An elf skeleton (Vaults:2)
  A fire giant skeleton (Vaults:2)
  2 centaur skeletons
  2 orange demons (Abyss:2)
  10 rime drakes
  A gargoyle (D:14)
  18 cane toads
  A minotaur zombie (Crypt:3)
  2 dire elephant skeletons
  4 kobold demonologists
  An unseen horror (D:13)
  2 anaconda simulacra
  A komodo dragon (shapeshifter) (Vaults:5)
  40 yaktaurs
  An efreet (Abyss:2)
  4 guardian mummies (Crypt:3)
  A yaktaur skeleton (Vaults:2)
  14 komodo dragons
  9 tengu conjurers
  2 ice devils (Depths:2)
  6 freezing wraiths
  6 trolls
  4 ancient zymes (Abyss:2)
  A meliai (shapeshifter) (Vaults:5)
  A shadow dragon simulacrum (Crypt:3)
  A harpy zombie (Crypt:3)
  A polar bear (shapeshifter) (D:14)
  The ghost of mrw0lf the Shield-Bearer, an amateur GnFi (D:3)
  A pale draconian skeleton (Crypt:3)
  A troll (shapeshifter) (Depths:3)
  3 bloated husks
  8 polar bears
  A moth of wrath zombie (Crypt:2)
  61 saltlings (Desolation)
  A great orb of eyes zombie (Crypt:2)
  8 tyrant leeches
  4 raiju (Abyss:2)
  14 blink frogs
  An alligator zombie (Crypt:3)
  3 harpy skeletons (Crypt:2)
  12 flying skulls
  16 hornets
  11 dream sheep
  A tarantella zombie (Crypt:1)
  A stone giant simulacrum (Abyss:2)
  A black mamba zombie (Abyss:2)
  A meliai zombie (Crypt:3)
  A centaur simulacrum (Crypt:2)
  30 slime creatures
  12 spriggans
  A shadow (D:10)
  12 wraiths
  4 wyverns
  A satyr skeleton (Crypt:3)
  5 vampires
  7 water elementals
  A yak (shapeshifter) (Elf:3)
  2 air elementals
  An ettin skeleton (Vaults:2)
  50 yaks
  4 ynoxinuls (Abyss:2)
  A human (D:14)
  9 fire bats
  A fire elemental (Abyss:2)
  7 basilisks
  A golden eye (shapeshifter) (Abyss:2)
  An ushabti (Crypt:3)
  A chaos spawn (Abyss:2)
  5 steam dragons
  4 neqoxecs (Abyss:2)
  8 vampire mosquitoes
  A two-headed ogre zombie (Crypt:3)
  A swamp worm (shapeshifter) (Depths:2)
  A fire bat zombie (Crypt:1)
  4 wargs
  2 harpy simulacra (Crypt:3)
  52 nagas
  15 swamp worms
  3 acid dragons
  10 water moccasins
  10 hell hounds
  A floating eye (Depths:1)
  2 naga skeletons (Crypt:2)
  A glowing shapeshifter skeleton (Crypt:3)
  2 black bears
  27 orc warriors
  11 swamp drakes
  5 sky beasts
  3 ice beasts
  An elephant zombie (Crypt:2)
  21 wolves
  4 ettin simulacra (Depths:2)
  A manticore zombie (Crypt:3)
  10 ogres
  A swamp dragon zombie (Crypt:1)
  A boggart (Elf:1)
  18 centaurs
  A lindwurm skeleton (Crypt:2)
  3 kobold brigands (D:9)
  8 bullfrogs
  8 earth elementals
  A gnoll sergeant (D:9)
  11 small abominations (Abyss:2)
  7 necrophages
  17 wights
  11 killer bees
  8 electric eels
  A troll skeleton (Crypt:1)
  4 vampire bats (Lair:4)
  4 howler monkeys
  5 lava snakes (Lair:5)
  A quasit (Abyss:2)
  17 orc priests
  A hound (D:7)
  Crazy Yiuf (D:5)
  5 iguanas
  2 jellies
  A basilisk zombie (Crypt:1)
  An iron imp (Abyss:2)
  2 gnoll boudas
  21 orc wizards
  An acid dragon zombie (Crypt:1)
  A boggart simulacrum (D:14)
  A hound skeleton (Crypt:3)
  2 mummies (Crypt:3)
  12 gnolls
  9 adders
  8 shadow imps
  12 white imps (Lair:1)
  2 ufetubi (Abyss:2)
  An adder zombie (Crypt:3)
  A worm (D:4)
  3 dart slugs
  112 orcs
  18 ball pythons
  10 bats
  A bat zombie (Crypt:1)
  11 endoplasms
  3 giant cockroaches
  10 goblins
  15 hobgoblins
  3 quokkas
  A river rat zombie (Crypt:2)
  A ball python zombie (Crypt:1)
  2 frilled lizards
  6 kobolds
  5 rats
  A lurking horror (Abyss:2)
2416 creatures vanquished.

Vanquished Creatures (collateral kills)
  2 titans (Vaults:5)
  A quicksilver dragon (Vaults:5)
  A shadow dragon (Vaults:5)
  A vault warden (Vaults:5)
  A very ugly thing (Vaults:5)
  A deep elf annihilator (Vaults:5)
  An ettin (Vaults:5)
  2 vault guards (Vaults:5)
  A phantasmal warrior (Vaults:5)
  An ironbound convoker (Vaults:5)
12 creatures vanquished.

Vanquished Creatures (others)
  A dread lich (Vaults:5)
  Xtahua (Vaults:5)
  A tentacled monstrosity (Vaults:5)
  A titan (Vaults:5)
  A quicksilver dragon (Vaults:5)
  A sphinx (Vaults:5)
  4 tengu reavers (Vaults:5)
  A fire giant (Vaults:5)
  3 vault wardens (Vaults:5)
  An ironbound preserver (Vaults:5)
  2 very ugly things (Vaults:5)
  3 stone giants (Vaults:5)
  2 war gargoyles (Vaults:5)
  A deep elf annihilator (Vaults:5)
  A deep elf high priest (Vaults:5)
  3 vault guards (Vaults:5)
  An anaconda (Snake:3)
  2 deep elf knights
  A quicksilver dragon simulacrum (Zot:2)
  A phantasmal warrior (Vaults:5)
  2 ironbound convokers (Vaults:5)
  2 deep elf pyromancers (Vaults:5)
  An orc sorcerer (Orc:2)
  A black mamba (shapeshifter) (Vaults:5)
  A ghost moth simulacrum (Zot:2)
  3 bloated husks
  A saltling (Desolation)
  An ettin simulacrum (Depths:2)
  An orc priest (Orc:1)
  An orc (Orc:1)
  4 demonic plants (Abyss:2)
  6 foxfires
  10 fungi
  A lurking horror (Abyss:2)
  32 plants
  28 withered plants
127 creatures vanquished.

Grand Total: 2555 creatures vanquished

Notes
Turn   | Place    | Note
-------+----------+-------------------------------------------
     0 | D:1      | HoaS the Gargoyle Hunter began the quest for the Orb.
     0 | D:1      | Reached XP level 1. HP: 12/12 MP: 1/1
    34 | D:1      | Reached XP level 2. HP: 15/17 MP: 2/2
   216 | D:1      | Reached XP level 3. HP: 21/21 MP: 3/3
   359 | D:1      | Reached skill level 5 in Ranged Weapons
   702 | D:2      | Reached XP level 4. HP: 26/26 MP: 4/4
   725 | D:2      | Found a blossoming altar of Fedhas.
   836 | D:2      | Identified the +10 dagger of Resumed Hostilities {freeze,
                  | Fly rPois}
  1107 | D:3      | Noticed an ogre
  1344 | D:3      | Noticed an orc warrior
  1358 | D:4      | Reached XP level 5. HP: 30/30 MP: 5/5
  1643 | D:4      | Noticed a black bear
  1657 | D:4      | Killed a black bear
  1658 | D:4      | Reached XP level 6. HP: 35/35 MP: 6/6
  1764 | D:4      | Found a staircase to the Ecumenical Temple.
  1770 | Temple   | Entered the Ecumenical Temple
  2052 | D:4      | Identified the +5 scale mail of Grace {+Inv Dex+3 Stlth-}
  2567 | D:3      | Killed an orc warrior
  2568 | D:3      | Reached XP level 7. HP: 40/40 MP: 7/7
  2630 | D:3      | Found an ornate altar of the Wu Jian Council.
  2701 | D:3      | Found a runed translucent door.
  2702 | D:3      | Noticed mrw0lf's ghost (amateur GnFi)
  3816 | D:5      | Entered Level 5 of the Dungeon
  3899 | D:5      | Found a blossoming altar of Fedhas.
  3910 | D:5      | Found a hide-covered altar of Uskayaw.
  3967 | D:5      | Found a runed translucent door.
  3968 | D:5      | Noticed Crazy Yiuf
  4188 | D:5      | Identified the +1 plate armour "Seywanus" {Str+7}
  4498 | D:5      | Found a radiant altar of Vehumet.
  4645 | D:5      | Found a shimmering blue altar of Sif Muna.
  4645 | D:5      | Found a broken altar of Ashenzari.
  4724 | D:5      | Killed Crazy Yiuf
  4737 | D:5      | Identified the +3 hammer "Zuese" {antimagic, Int+3 SInv}
  4780 | D:5      | Reached XP level 8. HP: 9/44 MP: 8/8
  4959 | D:6      | Reached skill level 10 in Ranged Weapons
  5531 | D:6      | Identified a scroll of acquirement
  5531 | D:6      | Acquired the amulet "Nell" {Rampage rElec Regen+ Int+2
                  | Slay+3}
  5898 | D:7      | Noticed a wyvern
  5903 | D:7      | Killed a wyvern
  5904 | D:7      | Reached XP level 9. HP: 36/48 MP: 9/9
  6569 | D:7      | Found an ancient bone altar of Kikubaaqudgha.
  6623 | D:8      | Noticed Joseph
  6681 | D:7      | Reached XP level 10. HP: 42/53 MP: 10/10
  6800 | D:7      | Killed Joseph
  6872 | D:8      | Found Kohar's Antique Weapon Shoppe.
  6878 | D:8      | Bought a shimmering arbalest for 218 gold pieces
  6878 | D:8      | Identified the +4 arbalest "Killer Bee's Bane" {flame,
                  | +Blink rElec rCorr Int-5} (You bought it in a shop on level
                  | 8 of the Dungeon)
  7119 | D:8      | Reached skill level 15 in Ranged Weapons
  7185 | D:8      | Noticed Erica
  7204 | D:8      | Killed Erica
  7616 | D:9      | Noticed a cyclops
  7616 | D:9      | Noticed a five-headed hydra
  7616 | D:9      | Noticed a centaur warrior
  7693 | D:9      | Noticed a kobold demonologist
  7697 | D:9      | Noticed an orange demon
  7699 | D:9      | Killed a kobold demonologist
  7705 | D:9      | Killed a centaur warrior
  7706 | D:9      | Reached XP level 11. HP: 47/57 MP: 11/11
  7755 | D:9      | Noticed a purple ugly thing
  7755 | D:9      | Noticed a cyclops
  7756 | D:9      | Noticed a cyclops
  7777 | D:9      | Killed a brown ugly thing
  7778 | D:9      | Killed a cyclops
  7778 | D:9      | Noticed a brown ugly thing
  7786 | D:9      | Killed a brown ugly thing
  7791 | D:9      | Killed a cyclops
  7809 | D:9      | Killed a five-headed hydra
  7815 | D:9      | Noticed a centaur warrior
  7822 | D:9      | Killed a centaur warrior
  7857 | D:9      | Noticed a cyclops
  7861 | D:9      | Killed a cyclops
  7869 | D:9      | Noticed a two-headed ogre
  7872 | D:9      | Noticed a manticore
  7888 | D:9      | Killed a manticore
  7895 | D:9      | Killed a two-headed ogre
  7896 | D:9      | Reached XP level 12. HP: 45/67 MP: 12/12
  7955 | D:9      | Reached skill level 5 in Fighting
  7955 | D:9      | Reached skill level 5 in Dodging
  8070 | D:9      | Identified the ring "Mewiun" {Fly rF+ Str-3 Dex+6}
  8082 | D:9      | Noticed a rakshasa
  8089 | D:9      | Killed a rakshasa
  8636 | D:3      | Killed mrw0lf's ghost
  8794 | D:10     | Entered Level 10 of the Dungeon
  8802 | D:10     | Found a staircase to the Lair.
  8867 | D:10     | Found an opulent altar of Gozag.
  8989 | D:10     | Became a worshipper of Gozag Ym Sagoz the Greedy
  9395 | D:10     | Found a sparkling altar of Nemelex Xobeh.
  9395 | D:10     | Noticed a two-headed ogre
  9403 | D:10     | Killed a two-headed ogre
  9512 | Lair:1   | Entered Level 1 of the Lair of Beasts
  9712 | Lair:1   | Found a frozen archway.
  9766 | IceCv    | Entered an ice cave
  9821 | IceCv    | Reached XP level 13. HP: 78/78 MP: 13/13
 10152 | IceCv    | Noticed a frost giant
 10261 | IceCv    | Killed a frost giant
 10816 | Lair:1   | Reached skill level 10 in Dodging
 11622 | Lair:2   | Found a staircase to the Swamp.
 12203 | Lair:2   | Reached skill level 10 in Fighting
 12539 | Lair:2   | Gained mutation: Your large and strong wings let you fly.
                  | [Gargoyle growth]
 12539 | Lair:2   | Reached XP level 14. HP: 88/88 MP: 14/14
 12663 | Lair:3   | Found a burning altar of Makhleb.
 12896 | Lair:3   | Found a staircase to the Snake Pit.
 13490 | Lair:4   | Found a viscous altar of Jiyva.
 13491 | Lair:4   | Found a runed translucent door.
 13496 | Lair:4   | Found a staircase to the Slime Pits.
 13954 | Lair:5   | Entered Level 5 of the Lair of Beasts
 14554 | Lair:5   | Found a large runed translucent door.
 14554 | Lair:5   | Found a large runed translucent door.
 14799 | Lair:5   | Reached XP level 15. HP: 97/97 MP: 15/15
 15243 | Lair:5   | Acquired a +0 triple crossbow of flaming
 15596 | D:11     | Found a gate leading to a gauntlet.
 15606 | Gauntlet | Entered a Gauntlet
 15606 | Gauntlet | Found a transporter.
 15606 | Gauntlet | Found a transporter.
 15612 | Gauntlet | Found a transporter.
 15625 | Gauntlet | Found a transporter.
 15643 | Gauntlet | Found a transporter.
 15643 | Gauntlet | Found a transporter.
 15646 | Gauntlet | Found a transporter.
 15646 | Gauntlet | Found a transporter.
 15646 | Gauntlet | Found a transporter.
 15658 | Gauntlet | Found a transporter.
 15676 | Gauntlet | Found a transporter.
 15686 | Gauntlet | Found a transporter.
 15703 | Gauntlet | Found a transporter.
 15721 | Gauntlet | Found a transporter.
 15896 | Gauntlet | Identified the +0 helmet of Orthodoxy {Str+7}
 15921 | Gauntlet | Identified the +7 great mace of the Mashing Augurer {vamp,
                  | *Rage rElec Dex+3 SInv}
 15921 | Gauntlet | Identified the ring "Giocluwu" {AC+4 Dex+6}
 15933 | Gauntlet | Identified the ring "Loelacw" {*Corrode rElec rPois Str+3}
 15941 | D:11     | Found a staircase to the Orcish Mines.
 16998 | D:12     | Identified the +0 plate armour of Theory {Int+5}
 17488 | Orc:1    | Entered Level 1 of the Orcish Mines
 17604 | Orc:2    | Entered Level 2 of the Orcish Mines
 17921 | Orc:2    | Found a staircase to the Elven Halls.
 18230 | Orc:2    | Found Nethiw's Distillery.
 18288 | Orc:2    | Found Joyronk's Book Boutique.
 18684 | Orc:2    | Found Juissapo's Self-Improvement Boutique.
 18954 | Orc:2    | Noticed an orc warlord
 18977 | Orc:2    | Killed an orc warlord
 19043 | Orc:2    | Found Akot's Antique Armour Shoppe.
 19051 | Orc:2    | Found Vafeucvu's Antique Weapon Emporium.
 19177 | Orc:2    | Bought a manual of Dodging for 1200 gold pieces
 19730 | D:13     | Reached skill level 1 in Armour
 19739 | D:13     | Reached skill level 15 in Dodging
 19884 | D:13     | Reached XP level 16. HP: 106/106 MP: 16/16
 20811 | D:14     | Paralysed by something for 3 turns
 20992 | D:14     | Noticed Agnes
 20999 | D:14     | Killed Agnes
 21492 | D:14     | Found a gate to the Vaults.
 21571 | D:15     | Entered Level 15 of the Dungeon
 21576 | D:15     | Reached skill level 15 in Fighting
 21831 | D:15     | Found a staircase to the Depths.
 21996 | D:15     | Found Covisesh's Weapon Boutique.
 22323 | Snake:1  | Entered Level 1 of the Snake Pit
 22609 | Snake:1  | Bought a pair of runed gloves for 292 gold pieces
 22634 | Snake:1  | Reached skill level 5 in Armour
 22753 | Snake:1  | Found a glowing silver altar of Zin.
 23101 | Snake:2  | Noticed Nikola
 23113 | Snake:1  | Killed Nikola
 23114 | Snake:1  | Reached XP level 17. HP: 115/115 MP: 17/17
 23696 | Snake:2  | Noticed Aizul
 23708 | Snake:2  | Killed Aizul
 23929 | Snake:2  | Acquired 749 gold pieces
 24033 | Snake:3  | Found a transporter.
 24070 | Snake:3  | Noticed Nys Cevy's ghost (adept TrFi)
 24092 | Snake:3  | Found Nobauth's Antique Weapon Emporium.
 24112 | Snake:3  | Found a transporter.
 24163 | Snake:3  | Found Zoexzoo's Weapon Emporium.
 24452 | Snake:3  | Found Limnipent's Distillery.
 24554 | Snake:3  | Found Qibbeef's Antique Weapon Boutique.
 24834 | Snake:3  | Found Xuihel's Armour Emporium.
 24916 | Snake:4  | Entered Level 4 of the Snake Pit
 25026 | Snake:4  | Noticed Vashnia
 25140 | Snake:4  | Found a runed translucent door.
 25140 | Snake:4  | Noticed Yehuk's ghost (adept MiBe)
 25212 | Snake:4  | Killed Vashnia
 25613 | Snake:4  | Reached XP level 18. HP: 125/125 MP: 18/18
 26184 | Snake:4  | Got a serpentine rune of Zot
 27160 | Snake:4  | Killed Yehuk's ghost
 27326 | Swamp:1  | Entered Level 1 of the Swamp
 27326 | Swamp:1  | Noticed Donald
 27345 | Lair:2   | Killed Donald
 27976 | Swamp:2  | Noticed Louise
 27992 | Swamp:2  | Killed Louise
 28189 | Swamp:2  | Noticed a tentacled monstrosity
 28197 | Swamp:2  | Killed a tentacled monstrosity
 28581 | Swamp:2  | You are sucked into a shaft and drop 1 floor!
 28675 | Swamp:2  | Reached XP level 19. HP: 130/130 MP: 19/19
 29625 | Swamp:4  | Entered Level 4 of the Swamp
 30358 | Swamp:4  | Got a decaying rune of Zot
 30590 | Elf:1    | Entered Level 1 of the Elven Halls
 30592 | Elf:1    | Upgraded the game from 0.30-a0-637-gacddeb6d44 to
                  | 0.30-a0-643-g638baaf3f0
 30727 | Elf:1    | Found a crumbling gateway.
 30737 | Desolati | Entered the Desolation of Salt
 31132 | Desolati | Identified the +1 robe "Dicawo" {rC+}
 31202 | Desolati | Reached XP level 20. HP: 136/136 MP: 20/20
 31283 | Desolati | Identified the +3 leather armour "Gurewkih" {Harm Stlth+}
 31292 | Desolati | Identified the +2 robe of Jeyxkaup {rCorr Dex-2 Archmagi}
 31518 | Desolati | Identified the +1 robe of the World {rC+ Regen+ Int+3}
 31522 | Desolati | Got the Compilation of Adjuration
 31537 | Desolati | Identified the +4 leather armour "Pasugiax" {Harm Str+7
                  | Int-5}
 31627 | Desolati | Identified the +1 scale mail "Kivos" {Rampage rC+ Will+}
 31643 | Desolati | Got Odi Oppa's Folio of Hurtful Lithomancy
 31655 | Desolati | Found the +3 crown of Dyrovepreva {rElec Int+2 SInv}
 31678 | Desolati | Identified the amulet of Terykkunk {*Slow rF+ rN+ Regen+
                  | Dex+2}
 31723 | Desolati | Identified the +4 short sword "Ziyfam" {flame, rElec rF-
                  | Will++}
 32185 | Elf:1    | Noticed a Brimstone Fiend
 32619 | Abyss:2  | Found a corrupted altar of Lugonu.
 32619 | Abyss:2  | Cast into level 2 of the Abyss (a deep elf demonologist)
 32620 | Abyss:2  | Found a corrupted altar of Lugonu.
 33106 | Elf:2    | Escaped the Abyss
 33330 | Elf:2    | Noticed a Tzitzimitl
 33543 | Elf:2    | Reached XP level 21. HP: 141/141 MP: 21/21
 33773 | Elf:2    | Found a huge runed translucent gate.
 33773 | Elf:2    | Found a huge runed translucent gate.
 33773 | Elf:2    | Found a huge runed translucent gate.
 33777 | Elf:2    | Found a huge runed translucent gate.
 33780 | Elf:2    | Found a huge runed translucent gate.
 34940 | Vaults:1 | Entered Level 1 of the Vaults
 35176 | Vaults:1 | Noticed Saint Roka
 35186 | Vaults:1 | Killed Saint Roka
 36053 | Vaults:1 | Identified the +3 mace of the Uplifting Ancients
                  | {antimagic, *Slow rN++ SInv}
 36092 | Vaults:1 | Reached skill level 10 in Armour
 36155 | Vaults:1 | You are sucked into a shaft and drop 1 floor!
 36175 | Vaults:2 | Identified the +4 mace of the Pits of Slime {antimagic,
                  | Stlth+}
 36428 | Vaults:2 | Reached XP level 22. HP: 133/152 MP: 22/22
 36828 | Vaults:1 | Found a large runed translucent door.
 36828 | Vaults:1 | Found a large runed translucent door.
 36828 | Vaults:1 | Found a large runed translucent door.
 36828 | Vaults:1 | Found a large runed translucent door.
 36828 | Vaults:1 | Found a large runed translucent door.
 36828 | Vaults:1 | Found a large runed translucent door.
 36828 | Vaults:1 | Found a large runed translucent door.
 36828 | Vaults:1 | Found a large runed translucent door.
 36828 | Vaults:1 | Noticed AppleFox63's ghost (adept MfIE)
 37085 | Vaults:1 | Killed AppleFox63's ghost
 37475 | Snake:3  | Killed Nys Cevy's ghost
 37496 | Snake:3  | Identified the ring "Wossiy" {EV+5 Str+4 Int-4 Dex+4}
 38082 | Vaults:2 | Found a staircase to the Crypt.
 38696 | Abyss:2  | Cast into level 2 of the Abyss (a wizard)
 39041 | Vaults:3 | Escaped the Abyss
 39646 | Vaults:3 | Reached XP level 23. HP: 160/160 MP: 23/23
 40250 | Abyss:2  | Cast into level 2 of the Abyss (a wizard)
 40266 | Abyss:2  | Noticed a dread lich
 40271 | Abyss:2  | Killed a dread lich
 40368 | Abyss:2  | Found a corrupted altar of Lugonu.
 40527 | Abyss:2  | Found a corrupted altar of Lugonu.
 40567 | Vaults:4 | Escaped the Abyss
 41516 | Vaults:4 | Bought a fine ivory amulet for 165 gold pieces
 41516 | Vaults:4 | Identified the amulet of Mubu Omo {Acrobat rC+ Dex+4} (You
                  | bought it in a shop on level 4 of the Vaults)
 41516 | Vaults:4 | Bought a scroll of teleportation for 99 gold pieces
 41743 | Depths:1 | Entered Level 1 of the Depths
 41857 | Depths:1 | Got Neojaag's Thoughts on Overcast Dislocation
 42249 | Depths:1 | Found an iron altar of Okawaru.
 42343 | Depths:1 | Paralysed by a floating eye for 2 turns
 42492 | Depths:1 | Found a gateway to Hell.
 43025 | Depths:2 | Found a sacrificial altar of Ru.
 43051 | Depths:2 | Reached XP level 24. HP: 171/171 MP: 23/23
 43538 | Depths:2 | Found a burning altar of Makhleb.
 43554 | Depths:2 | Identified the +3 shortbow "Gynguh" {drain, *Corrode Drain
                  | rF+++ Int+5}
 43739 | Depths:2 | Found an opulent altar of Gozag.
 43858 | Depths:2 | Found a one-way gate leading to the halls of Pandemonium.
 43859 | Depths:2 | Found a shimmering blue altar of Sif Muna.
 43860 | Depths:2 | Identified the +6 hand axe "Buqukleg" {speed, Str+7}
 44516 | Depths:3 | Found a one-way gate to the infinite horrors of the Abyss.
 44616 | Depths:3 | Found Guogeyv's Weapon Shop.
 44720 | Depths:3 | Found Faimurem's Antique Weapon Shop.
 44787 | Depths:3 | Found Midiufudi's Magic Scroll Shop.
 44795 | Depths:3 | Bought a scroll of enchant weapon for 97 gold pieces
 45159 | Depths:3 | Identified the +2 morningstar "Tueres" {vamp, rElec Will-
                  | Str+2 Int+3}
 45161 | Depths:3 | Got the Almanac of Rancid Snow
 45342 | Depths:3 | Reached XP level 25. HP: 180/180 MP: 23/23
 45360 | Depths:4 | Entered Level 4 of the Depths
 45467 | Depths:4 | Reached XP level 26. HP: 187/187 MP: 23/23
 45544 | Depths:4 | Found a one-way gateway to a ziggurat.
 45635 | Depths:4 | Found Jeggoash's Antique Weapon Boutique.
 45653 | Depths:4 | Paralysed by a vampire knight for 2 turns
 46308 | Depths:4 | Identified the +3 arbalest "Uleaff" {freeze, rCorr}
 46382 | Depths:4 | Found a gate to the Realm of Zot.
 46846 | Vaults:5 | Entered Level 5 of the Vaults
 46849 | Vaults:5 | Noticed Xtahua
 46855 | Vaults:5 | Noticed an ancient lich
 46866 | Vaults:5 | Killed an ancient lich
 46874 | Vaults:5 | Noticed a dread lich
 46936 | Vaults:5 | Noticed a dread lich
 46948 | Vaults:5 | Killed Xtahua
 46955 | Vaults:5 | Killed a dread lich
 47568 | Vaults:5 | Got the Collected Works on Inhalation
 47983 | Vaults:5 | Found the +2 hat of the Bear Spirit {Spirit, Bear, *Rage
                  | Will++}
 47993 | Vaults:5 | Got a silver rune of Zot
 49046 | Crypt:1  | Entered Level 1 of the Crypt
 49446 | Snake:1  | Fell from the grace of Gozag
 49446 | Snake:1  | Became a worshipper of Zin the Law-Giver
 49446 | Snake:1  | Reached * piety under Zin
 49446 | Snake:1  | Reached ** piety under Zin
 49448 | Snake:1  | Donated 4845 gold pieces to Zin
 49472 | Snake:1  | Reached *** piety under Zin
 49596 | D:10     | Reached **** piety under Zin
 49747 | Vaults:1 | Reached ***** piety under Zin
 49854 | Crypt:1  | Reached skill level 1 in Invocations
 49955 | Crypt:1  | Reached ****** piety under Zin
 50252 | Crypt:1  | Reached XP level 27. HP: 196/196 MP: 25/25
 50585 | Crypt:2  | Found a basalt altar of Yredelemnul.
 50649 | Crypt:2  | Noticed Frederick
 50652 | Crypt:2  | Killed Frederick
 50774 | Crypt:2  | Reached skill level 5 in Invocations
 51021 | Crypt:3  | Entered Level 3 of the Crypt
 51079 | Crypt:3  | Noticed Jory
 51083 | Crypt:3  | Killed Jory
 51113 | Crypt:3  | Noticed Sojobo
 51132 | Crypt:3  | Paralysed by an air elemental for 1 turns
 51213 | Crypt:3  | Noticed Vv
 51295 | Crypt:3  | Noticed a royal mummy
 51295 | Crypt:3  | Noticed Khufu
 51486 | Crypt:3  | Killed Sojobo
 51501 | Crypt:3  | Killed Vv
 51699 | Crypt:3  | Found a staircase to the Tomb.
 51766 | Crypt:3  | Noticed Margery
 51769 | Crypt:3  | Killed Margery
 51815 | Crypt:3  | Found an ancient bone altar of Kikubaaqudgha.
 51976 | Crypt:3  | Identified the ring "Fiaxynkigh" {rElec rN+}
 51976 | Crypt:3  | Noticed a royal mummy
 52130 | Crypt:3  | Identified the ring "Ykhugup" {rPois rC+ rN+ Str-5}
 52139 | Crypt:3  | Killed a royal mummy
 52171 | Crypt:3  | Found a basalt altar of Yredelemnul.
 52176 | Crypt:3  | Found an ancient bone altar of Kikubaaqudgha.
 52441 | Crypt:3  | Killed a royal mummy
 52473 | Crypt:3  | Killed Khufu
 52900 | Elf:3    | Entered Level 3 of the Elven Halls
 53928 | Elf:3    | Reached skill level 10 in Invocations
 54628 | Elf:3    | Identified the ring of Ascent {rElec rF+}
 54669 | Elf:3    | Identified the +4 sling of Severance {antimagic, Will+
                  | Int+5}
 54671 | Elf:3    | Identified the +1 chain mail of Hepliaklqana's Outrage
                  | {Harm rN+ Int-2}
 54683 | Elf:3    | Identified the +1 hand axe "Dragon's Funeral" {elec, Will+
                  | SInv}
 54687 | Elf:3    | Identified the +4 scale mail "Monamnesm" {Contam rF+++
                  | Will++ Regen+}
 55251 | Zot:1    | Entered Level 1 of the Realm of Zot
 55469 | Zot:1    | Found a transporter.
 55557 | Zot:1    | Found a transporter.
 55648 | Zot:1    | Identified the +0 robe "Egogica" {Str+5}
 56230 | Zot:2    | Identified the ring of Jadyaw {Ice Contam rPois rN+}
 56230 | Zot:2    | Noticed Josephina
 56263 | Zot:2    | HP: 6/193 [Josephina/icy flash freeze (5)]
 56263 | Zot:2    | Slain by a white draconian

Illustrated notes

Levels and vault maps discovered:
D:1:      dpeg_arrival_rooms_b, layout_basic
D:2:      layout_rooms, basic_altar, minmay_shallow_snake_nest
D:3:      minmay_razor_zed, layout_basic, nicolae_wu_jian_glorious_leap,
          ebering_ghost_reflecting_pool
D:4:      layout_cave_pods, temple_green, corexii_leaking_fountain
D:5:      layout_basic, amethyst_overflow_temple_binary, kennysheep_mini_moat,
          gammafunk_temple_overflow_statue, uniq_crazy_yiuf_cottage
D:6:      layout_loops_ring
D:7:      minmay_angry_zag, layout_basic, kiku_gazebo_pond_becter
D:8:      layout_loops_ring, serial_shops, shop, uniq_joseph, uniq_erica
D:9:      minmay_the_grid_square_5x5_4x4 [minmay_the_grid_square_5x5_v,
          minmay_the_grid_square_5x5_tetrominoes,
          minmay_the_grid_square_5x5_meh, minmay_the_grid_square_5x5_comb,
          minmay_the_grid_square_5x5_three,
          minmay_the_grid_square_5x5_prize_rear_guard,
          minmay_the_grid_square_5x5_prize_junk,
          minmay_the_grid_square_5x5_bracketed,
          minmay_the_grid_square_5x5_one_wall,
          minmay_the_grid_square_5x5_prize_open,
          minmay_the_grid_square_5x5_prize_gold,
          minmay_the_grid_square_5x5_three_walls,
          minmay_the_grid_square_5x5_six_small,
          minmay_the_grid_square_5x5_almost_minimal,
          minmay_the_grid_square_5x5_checkered_sparse,
          minmay_the_grid_square_5x5_lines], layout_long_grid,
          lightli_orcish_oven
D:10:     layout_basic, lemuel_crystal_altar, amcnicky_altar_gilded,
          lair_entry_dummy
D:11:     layout_layer_cave, hiddenorc1_lemuel, gauntlet_entry_generic
D:12:     layout_rooms, centaur_isle
D:13:     minmay_quarter_circles, layout_irregular_city
D:14:     layout_long_grid, grunt_vaults_entry_fortified,
          minmay_misc_feat_encased, uniq_agnes
D:15:     grunt_enter_depths_giant_problem, layout_basic, serial_shops,
          nicolae_shop_window_shopping, chequers_serial_rivers_micro_d
Temple:   nicolae_temple_bog_church
Lair:1:   layout_loops_ring, portal_ice_cave_entry_imps, st_stairs_7,
          minivault_23
Lair:2:   nzn_winding_woodlands_small [nzn_winding_woodlands_5x15_concentric,
          nzn_winding_woodlands_center_pierced_h,
          nzn_winding_woodlands_5x15_longhouse], layout_cave_pods,
          swamp_mist_pool, grunt_megastairs_5
Lair:3:   layout_regular_city, minmay_snake_entry_guardpost_small, basic_altar,
          grunt_megastairs_2, lemuel_fruit_fields
Lair:4:   layout_cave_shapes, slime_entry_2, pdpol_lair_neglected_garden,
          roderic_batcave, grunt_megastairs_3
Lair:5:   cheibrodos_lair_end_hotspot, layout_misc_corridors,
          chequers_serial_rivers_small_b, infiniplex_staircase_pool_2
Swamp:1:  layout_falls_marsh, nicolae_swamp_dense_foliage, swamp_pool1,
          uniq_donald
Swamp:2:  layout_basic_swamp, evilmike_swamp_ruin_house_2, swamp_pool3,
          hangedman_swamp_lotus, st_swamp_mini, uniq_louise
Swamp:3:  layout_basic_swamp, evilmike_swamp_ruin_house_4, swamp_pool1,
          nicolae_swamp_spooky_pond
Swamp:4:  swamp_fiery, layout_basic_swamp, infiniplex_staircase_pool
Snake:1:  layout_basic, basic_altar, serial_bayou_shore_a
Snake:2:  layout_concentric_octagons, uniq_aizul, uniq_nikola
Snake:3:  layout_grid_maze, serial_shops, shop, shop, nicolae_take_the_stairs,
          shop, nicolae_shop_advertising_works [nicolae_subvault_shop_adworks],
          gammafunk_ghost_berserking_beasts, nicolae_snake_guarding_the_ruins
Snake:4:  grunt_snake_rune_spirals, layout_concentric_octagons, special_room,
          gammafunk_ghost_grave, uniq_vashnia
Orc:1:    layout_caves
Orc:2:    grunt_orc_community_town_hall, layout_caves,
          grunt_orc_community_big_house_2, grunt_orc_community_big_house_1,
          grunt_orc_community_house_1, grunt_orc_community_house_2,
          grunt_orc_community_house_1, grunt_orc_community_house_3,
          special_room, nicolae_shop_self_help
Elf:1:    minmay_elf_arrival_plus, layout_gridlike,
          portal_desolation_entry_garden, hangedman_elf_disciples,
          serial_sigils_hangedman_stare
Elf:2:    elven_hall_of_blades_hangedman_alternative
          [nicolae_blade_little_rooms], layout_geoelf_octagon
Elf:3:    minmay_elf_hall_hex, layout_onion_city, nicolae_elf_glassroom_feature
Vaults:1: advil_vaults_ghost_lines, ontoclasm_vaults_spin, v_pattern_5,
          v_alt_pattern_6, hangedman_vaults_capsules, v_misc_2,
          grunt_vaults_focal, grunt_vaults_funnel, layout_vaults_omnigrid,
          uniq_saint_roka
Vaults:2: nicolae_vaults_border_crossing, v_misc_24, ontoclasm_vaults_bender,
          v_alt_pattern_6, grunt_vaults_hallway_short, v_misc_23,
          minmay_crypt_entry_skeletal_spiral, vaults_room_semicircle,
          ontoclasm_vaults_gallery, layout_vaults_ring
Vaults:3: vaults_room_grid, v_misc_18, v_misc_22, v_alt_pattern_3,
          nicolae_vaults_big_angled_halls, ontoclasm_vaults_decontamination,
          nicolae_vaults_three_branches, hangedman_vaults_maws,
          nicolae_vaults_little_squares_2, nicolae_vaults_network_star,
          v_misc_5, vaults_dpeg_encased_lava, nicolae_vaults_little_squares_2,
          v_misc_26, layout_vaults_omnibox
Vaults:4: hangedman_vaults_nodes, grunt_vaults_twisty, vaults_room_glass_cross,
          v_misc_11, layout_vaults_chaotic_city
Vaults:5: serial_shops, uniq_xtahua
Crypt:1:  layout_misc_corridors, mu_enter_wizlab_5
Crypt:2:  layout_chaotic_city, basic_altar, library_closet, uniq_frederick
Crypt:3:  lightli_unholy_cathedral, layout_chaotic_city,
          tomb_entry_forgotten_bobbens, grunt_ministairs_6,
          nicolae_nh_vlads_tower, grunt_megastairs_1, uniq_sojobo, uniq_jory,
          uniq_khufu, uniq_vv, uniq_margery
Depths:1: kennysheep_bubbly, layout_gridlike, hell_entry, nicolae_water_bricks,
          wad_floor_pattern_1, okawaru_altar_gauntlet_db
Depths:2: grunt_profane_halls [grunt_profane_temple_coc,
          grunt_profane_temple_dis, grunt_profane_temple_tar,
          grunt_profane_temple_geh, grunt_profane_loot], hell_entry, pan_entry
Depths:3: nicolae_cairo_tiling_large_dashed, layout_gridville,
          nicolae_abyss_entry_one_way_or_another, serial_shops, kennysheep_mini,
          nicolae_square_shop, nicolae_shop_bloodbath_and_beyond, hell_entry,
          hangedman_abyss_or_decor_clamps, amcnicky_mini_rare_corridor_liquid,
          minmay_checkered_concentric_circles, firewood_loft,
          serial_bayou_shore_b, serial_bayou_shore_b
Depths:4: grunt_bruiser_brothers, layout_gridlike, enter_ziggurat_a,
          abyss_entry, minmay_misc_feat_secret_circle, hell_entry, serial_shops,
          shop, serial_bayou_shore_b
Zot:1:    gammafunk_its_a_trap, layout_misc_corridors
Zot:2:    regret_index_qazlal_generations, layout_basic, uniq_josephina

Skill      XL: |  1  2  3  4  5  6  7  8  9 10 11 12 13 14 15 16 17 18 19 20 21 22 23 24 25 26 27 |
---------------+----------------------------------------------------------------------------------+-----
Ranged Weapons | 5 6 7 8 9 12 14 16 18 21 24 26 | 26.0
Dodging        | 4 8 11 13 15 18 19 20 21 22 24 26 | 26.0
Fighting       | 4 7 10 12 14 16 18 19 21 23 24 26 | 26.0
Armour         | 2 5 8 10 12 13 14 | 14.0
Invocations    | 3 11 | 11.9
Stealth        | |  1.1

Action                   |  1- 3 |  4- 6 |  7- 9 | 10-12 | 13-15 | 16-18 | 19-21 | 22-24 | 25-27 || total
-------------------------+-------+-------+-------+-------+-------+-------+-------+-------+-------++-------
Melee: Shortbow          |       |       |     5 |       |       |       |       |       |       ||     5
       Arbalest          |       |       |       |     3 |       |       |       |       |       ||     3
       Unarmed           |       |       |       |       |       |       |       |    24 |    21 ||    45
       Punch             |       |       |       |       |       |       |       |     1 |       ||     1
       Triple crossbow   |       |       |       |       |       |       |       |       |     1 ||     1
 Fire: Shortbow          |   105 |    91 |   311 |    29 |       |       |       |       |       ||   536
       Arbalest          |       |       |       |   375 |   983 |   644 |       |       |       ||  2002
       Triple crossbow   |       |       |       |       |       |   444 |  1201 |  1413 |  1079 ||  4137
Invok: Potion Petition   |       |       |       |       |     2 |     1 |       |       |       ||     3
       Call Merchant     |       |       |       |       |       |     2 |     3 |     1 |     3 ||     9
       Donate Gold       |       |       |       |       |       |       |       |       |     1 ||     1
       Bribe Branch      |       |       |       |       |       |       |       |       |     1 ||     1
  Use: Scroll            |     3 |     4 |    15 |    10 |    11 |     8 |     4 |     7 |     9 ||    71
       Potion            |       |       |     1 |     1 |     1 |     2 |     9 |     8 |     5 ||    27
Armor: Leather armour    |    23 |     6 |    42 |    55 |    29 |       |       |       |       ||   155
       Troll leather arm |       |       |       |       |   119 |   131 |   162 |   264 |   232 ||   908
Dodge: Dodged            |    30 |    11 |   130 |   139 |   540 |   552 |   788 |  1555 |  1669 ||  5414

Table legend: (Time is in decaauts)
 A = Elapsed time spent in this place.
 B = Non-inter-level travel time spent in this place.
 C = Inter-level travel time spent in this place.
 D = Time resting spent in this place.
 E = Time spent auto-exploring this place.
 F = Levels seen in this place.
 G = Mean time per level.
                   A        B        C        D        E       F      G
               +--------+--------+--------+--------+--------+-----+--------+
         Total |  57238 |  51812 |   5426 |   7402 |  32335 |  54 | 1060.0 |
       Dungeon |  14836 |  12789 |   2047 |    900 |   9251 |  15 |  989.1 |
        Temple |    220 |    194 |     26 |      0 |    184 |   1 |  220.0 |
          Lair |   5606 |   4784 |    822 |    321 |   3469 |   5 | 1121.2 |
         Swamp |   3168 |   3043 |    125 |    368 |   1960 |   4 |  792.0 |
     Snake Pit |   5399 |   5023 |    376 |   1194 |   2579 |   4 | 1349.8 |
  Orcish Mines |   2149 |   1884 |    265 |    635 |    911 |   2 | 1074.5 |
   Elven Halls |   4850 |   4578 |    272 |   1785 |   1929 |   3 | 1616.7 |
        Vaults |   8210 |   7247 |    963 |    787 |   4921 |   5 | 1642.0 |
         Crypt |   2996 |   2769 |    227 |    290 |   1553 |   3 |  998.7 |
        Depths |   5095 |   4805 |    290 |    593 |   2890 |   4 | 1273.8 |
           Zot |   1070 |   1062 |      8 |     65 |    754 |   2 |  535.0 |
         Abyss |   1156 |   1156 |      0 |     16 |    771 |   3 |  385.3 |
      Ice Cave |    949 |    949 |      0 |    226 |    429 |   1 |  949.0 |
    Desolation |   1198 |   1198 |      0 |    219 |    556 |   1 | 1198.0 |
      Gauntlet |    331 |    331 |      0 |      0 |    175 |   1 |  331.0 |
               +--------+--------+--------+--------+--------+-----+--------+

Top non-repeatable levels by time:
 Snake:4: 2373 daAuts
   Elf:3: 2077 daAuts
Vaults:5: 2033 daAuts
Vaults:1: 2019 daAuts
   Elf:2: 1821 daAuts
   Orc:2: 1738 daAuts
 Crypt:3: 1645 daAuts
Depths:2: 1607 daAuts
     D:3: 1569 daAuts
  Lair:2: 1537 daAuts
Vaults:2: 1460 daAuts
Vaults:4: 1415 daAuts
    D:11: 1321 daAuts
    D:13: 1299 daAuts
Depths:4: 1286 daAuts
